 Dungeon Crawl Stone Soup version 0.31-a0-691-g409c26aa35 (webtiles) character file.

Game seed: 6048380319977526771

27 demibob the Cudgeller (level 2, 0/24 HPs)
             Began as a Demonspawn Chaos Knight on Sept 6, 2023.
             Was a Plaything of Xom.
             Slain by an ufetubus (1 damage)
             ... summoned by Xom
             ... on level 1 of the Dungeon.
             The game lasted 00:01:21 (779 turns).

demibob the Cudgeller (Demonspawn Chaos Knight)      Turns: 779, Time: 00:01:24

Health: 0/24       AC:  5    Str: 12    XL:     2   Next: 93%
Magic:  2/2        EV: 10    Int: 13    God:    Xom [*.....]
Gold:   14         SH:  0    Dex: 12    Spells: 1/1 levels left

rFire   . . .        a - +0 mace (chaos)
rCold   + . .        (no shield)
rNeg    . . .        f - +0 ring mail {rC+}
rPois   .            (no helmet)
rElec   .            (no cloak)
rCorr   .            (no gloves)
SInv    .            (no boots)
Will    .....        (no amulet)
Stlth   +            (no ring)
HPRegen 0.24/turn    (no ring)
MPRegen 0.08/turn

%: no passive effects
@: no status effects
A: demonic magic 1
a: Renounce Religion


You were on level 1 of the Dungeon.
You worshipped Xom.
You were a special plaything of Xom.
You visited 1 branch of the dungeon, and saw 1 of its levels.

You collected 14 gold pieces.


Innate Abilities, Weirdness & Mutations

Spells you cast may paralyse adjacent enemies.


   Skills:
 - Level 3.0 Fighting
 + Level 3.8 Maces & Flails
 - Level 1.7 Armour
 - Level 0.8 Dodging


You had one spell level left.
You didn't know any spells.
Your spell library contained the following spells:

 Spells                   Type           Power      Damage    Failure   Level
 Sting                    Tmut/Pois      0%         1d3       56%         1
 Poisonous Vapours        Pois/Air       0%         N/A       71%         2
 Olgreb's Toxic Radiance  Pois           0%         N/A       100%        4

Inventory:

Hand Weapons
 a - a +0 mace of chaos (weapon)
Armour
 f - a +0 ring mail of cold resistance (worn)
Scrolls
 b - a scroll of identify {unknown}
 c - a scroll of butterflies
Potions
 d - 2 potions of might {unknown}

Dungeon Overview and Level Annotations

Branches:
Dungeon (1/15)

Altars:

###########
#.........#
#.#..###..#
#.#..(##..########
#................#
.......#..######.#
#.#..###..# #5#
#.#..###..# #@#
#.........# #5#
###.......# #.#
##...##### #.#
##.....## #.#
#.......## #.#
.........####....#
.....)...'.......#
.........####.


You could see an iron imp (summoned, fast) and an ufetubus (summoned).


Message History

The ufetubus completely misses you. The ufetubus hits you.
* * * LOW HITPOINT WARNING * * *
You are too injured to fight recklessly!
You are too injured to fight recklessly!
You are too injured to fight recklessly!
You are too injured to fight recklessly!
You are too injured to fight recklessly!
You are too injured to fight recklessly!
You are too injured to fight recklessly!
You are too injured to fight recklessly!
You are too injured to fight recklessly!
You are too injured to fight recklessly!
You are too injured to fight recklessly!
You are too injured to fight recklessly!
You are too injured to fight recklessly!
You are too injured to fight recklessly!
You are too injured to fight recklessly!
You are too injured to fight recklessly!
Unknown command.
You hit the iron imp but do no damage.
The iron imp is moderately wounded.
The ufetubus hits you but does no damage.
The ufetubus hits you.
* * * LOW HITPOINT WARNING * * *
The iron imp hits you.
* * * LOW HITPOINT WARNING * * *
The ufetubus hits you but does no damage.
The ufetubus hits you.
You die... "It's all fun and games until someone loses an eye."

Skill      XL: |  1 |
---------------+----+-----
Maces & Flails | 3 |  3.8
Fighting       | |  3.0
Armour         | |  1.7
Dodging        | |  0.8

Action                     || total
---------------------------++-------
  Melee: Mace              ||    95
         Punch             ||     2
    Use: Scroll            ||     1
   Stab: Petrified         ||     1
 Armour: Leather armour    ||    20
         Ring mail         ||    49
  Dodge: Dodged            ||    44

Levels and vault maps discovered:
D:1:      lightli_arrival_quake, layout_loops_corners

Notes
Turn   | Place    | Note
-------+----------+-------------------------------------------
     0 | D:1      | demibob the Demonspawn Chaos Knight began the quest for the
                  | Orb.
     0 | D:1      | Reached XP level 1. HP: 18/18 MP: 1/1
    21 | D:1      | XOM: silly message
    83 | D:1      | XOM: silly message
   126 | D:1      | Reached skill level 3 in Maces & Flails
   231 | D:1      | Gained mutation: Spells you cast may paralyse adjacent
                  | enemies. [demonic ancestry]
   231 | D:1      | Reached XP level 2. HP: 24/24 MP: 2/2
   463 | D:1      | XOM: destruction
   644 | D:1      | XOM: noise
   775 | D:1      | XOM: summons 2 hostile demons
   779 | D:1      | HP: 1/24 [iron imp[Xom] (6)]
   779 | D:1      | Slain by an ufetubus

Vanquished Creatures
  A bat (D:1)
  4 endoplasms (D:1)
  2 goblins (D:1)
  2 hobgoblins (D:1)
  A quokka (D:1)
  3 ball pythons (D:1)
  3 frilled lizards (D:1)
  5 kobolds (D:1)
  7 rats (D:1)
28 creatures vanquished.

Vanquished Creatures (others)
  An endoplasm (D:1)
1 creature vanquished.

Grand Total: 29 creatures vanquished

Table legend: (Time is in decaauts)
 A = Elapsed time spent in this place.
 B = Non-inter-level travel time spent in this place.
 C = Inter-level travel time spent in this place.
 D = Time resting spent in this place.
 E = Time spent auto-exploring this place.
 F = Levels seen in this place.
 G = Mean time per level.
                   A        B        C        D        E       F      G
               +--------+--------+--------+--------+--------+-----+--------+
         Total |    800 |    800 |      0 |      0 |    587 |   1 |  800.0 |
       Dungeon |    800 |    800 |      0 |      0 |    587 |   1 |  800.0 |
               +--------+--------+--------+--------+--------+-----+--------+

Top non-repeatable levels by time:
     D:1: 800 daAuts

Table legend:
 A = Non-vault XP
 B = Vault XP
 C = Vault XP percentage of total XP
 D = Non-vault monster count
 E = Vault monster count
 F = Vault count percentage of total count
                 A         B        C        D         E       F
            +---------+---------+-------+---------+---------+-------
      Total |      39 |       0 |   0.0 |      28 |       0 |   0.0
            +---------+---------+-------+---------+---------+-------
        D:1 |      39 |       0 |   0.0 |      28 |       0 |   0.0
            +---------+---------+-------+---------+---------+-------
